[Event "Titled Tuesday Blitz May 24 Early 2022"]
[White "Dobre, Claudiu-Cristian"]
[Black "Haas, Michael"]
[WhiteFideId "1211854"]
[BlackFideId "1629514"]
[WhiteElo "2207"]
[BlackElo "1982"]
[Result "0-1"]
[Round "02"]
[TimeControl "180+1"]
[Date "2022.05.25"]
[WhiteClock "0:00:07"]
[BlackClock "0:00:22"]

1. c4 e5 2. Nc3 Nc6 3. Nf3 Nf6 4. e3 d6 5. d4 Bg4 6. Be2 Be7 7. d5 Nb8 8. c5 O-O 9. Qb3 Qc8 10. h3 Bxf3 11. Bxf3 dxc5 12. d6 Bxd6 13. Bxb7 Qd7 14. Bxa8 Na6 15. Bf3 Nb4 16. O-O Re8 17. Ne4 Nxe4 18. Bxe4 Kh8 19. a3 Na6 20. Qc4 Nb8 21. Bc2 Qe7 22. e4 Nc6 23. Be3 Nd4 24. Bxd4 exd4 25. f4 c6 26. e5 Bc7 27. Qd3 g6 28. Qe4 Qe6 29. Rf3 c4 30. f5 Qd7 31. e6 Qd6 32. g3 d3 33. Ba4 fxe6 34. fxg6 Bb6+ 35. Kg2 Rg8 36. Raf1 Rxg6 37. Rf8+ Rg8 38. R1f7 Qxg3+ 0-1


[Site "https://www.chess.com"]

[Event "Titled Tuesday Blitz May 24 Early 2022"]
[White "Domingo Nunez, Ruben"]
[Black "Lodici, Lorenzo"]
[WhiteFideId "22245570"]
[BlackFideId "884189"]
[WhiteElo "2376"]
[BlackElo "2265"]
[Result "0-1"]
[Round "02"]
[TimeControl "180+1"]
[Date "2022.05.24"]
[WhiteClock "0:00:04"]
[BlackClock "0:01:22"]

1. Nf3 b6 2. e4 Bb7 3. Nc3 e6 4. a3 Nf6 5. Qe2 c5 6. g3 d5 7. e5 Ne4 8. Bg2 Be7 9. h4 Nd7 10. Nb1 c4 11. b4 cxb3 12. cxb3 Ndc5 13. Nd4 Ba6 14. Nb5 Nxb3 15. Bb2 Nxa1 16. Bxa1 Rc8 17. O-O O-O 18. h5 h6 19. a4 Qd7 20. d3 Bxb5 21. axb5 Qxb5 22. Qf3 Nc5 23. Rd1 Na4 0-1


[Site "https://www.chess.com"]

[Event "Titled Tuesday Blitz May 24 Early 2022"]
[White "Dubov, Daniil"]
[Black "Chen, Justin"]
[WhiteFideId "24126055"]
[BlackFideId "2098199"]
[WhiteElo "2791"]
[BlackElo "2539"]
[Result "1-0"]
[Round "02"]
[TimeControl "180+1"]
[Date "2022.05.25"]
[WhiteClock "0:02:19"]
[BlackClock "0:00:22"]

1. e4 d5 2. exd5 Nf6 3. Nf3 Qxd5 4. d4 Bg4 5. Be2 Nc6 6. O-O O-O-O 7. Be3 e5 8. c4 Qa5 9. d5 Bc5 10. Bd2 Bb4 11. dxc6 Bxf3 12. Bxf3 Bxd2 13. cxb7+ Kb8 14. Qc2 Rd4 15. Nxd2 Rxd2 16. Qf5 Re8 17. Qg5 Qb6 18. Qxd2 1-0


[Site "https://www.chess.com"]

[Event "Titled Tuesday Blitz May 24 Early 2022"]
[White "Ehlvest, Jaan"]
[Black "Vakhlamov, Igor L."]
[WhiteFideId "4500016"]
[BlackFideId "24126748"]
[WhiteElo "2505"]
[BlackElo "2401"]
[Result "0-1"]
[Round "02"]
[TimeControl "180+1"]
[Date "2022.05.25"]
[WhiteClock "0:00:01"]
[BlackClock "0:00:21"]

1. e4 c5 2. Nf3 Nc6 3. d4 cxd4 4. Nxd4 g6 5. c4 Bg7 6. Be3 Qb6 7. Nb5 Qa5+ 8. N5c3 Nf6 9. Bd3 O-O 10. O-O d6 11. f3 Be6 12. Nd2 Rfc8 13. Nb3 Qd8 14. Rc1 a5 15. Be2 a4 16. Nd4 Nxd4 17. Bxd4 Nd7 18. Bxg7 Kxg7 19. Nb5 Qb6+ 20. Kh1 Ne5 21. b3 axb3 22. axb3 Ra2 23. f4 Nc6 24. f5 Bd7 25. f6+ exf6 26. Nc3 Rb2 27. Qxd6 Qd4 28. Nd5 Be6 29. Rcd1 Qe5 30. Nf4 Rd8 31. Qa3 Rxd1 32. Bxd1 Rd2 33. Qc1 Qb2 34. Qxb2 Rxb2 35. Nd3 Rd2 36. Nc5 b6 37. Na4 Ne5 38. Nxb6 Nd3 39. Kg1 Rb2 40. Nd5 Nc5 41. Nxf6 Nxb3 42. Bxb3 Rxb3 43. c5 Rc3 44. Ne8+ Kf8 45. Nc7 Ke7 46. Nxe6 Kxe6 47. Kf2 Rxc5 48. Ra1 Rc2+ 49. Kf3 Rc3+ 50. Kf4 h6 51. Ra6+ Ke7 52. Ra7+ Kf6 53. Ra6+ Kg7 54. g3 g5+ 55. Kg4 Re3 56. Ra4 Kg6 57. Ra6+ f6 0-1


[Site "https://www.chess.com"]

[Event "Titled Tuesday Blitz May 24 Early 2022"]
[White "Eynullayev, Atilla"]
[Black "Yuan, Qingyu"]
[WhiteFideId "13413570"]
[BlackFideId "8609772"]
[WhiteElo "1936"]
[BlackElo "2359"]
[Result "0-1"]
[Round "02"]
[TimeControl "180+1"]
[Date "2022.05.24"]
[WhiteClock "0:01:50"]
[BlackClock "0:02:27"]

1. e4 c6 2. d4 d5 3. e5 c5 4. dxc5 e6 5. a3 Bxc5 6. Nf3 f6 7. b4 Be7 8. Bb2 a5 9. b5 Nd7 10. Bd3 Nh6 11. O-O Nf7 12. exf6 Bxf6 13. Bxf6 Qxf6 14. c4 Qxa1 15. cxd5 Nc5 16. Qc2 Nxd3 17. Nc3 Qxa3 18. Qxd3 O-O 0-1


[Site "https://www.chess.com"]

[Event "Titled Tuesday Blitz May 24 Early 2022"]
[White "Ezat, Mohamed"]
[Black "Hambleton, Aman"]
[WhiteFideId "10600906"]
[BlackFideId "2606577"]
[WhiteElo "2386"]
[BlackElo "2552"]
[Result "1-0"]
[Round "02"]
[TimeControl "180+1"]
[Date "2022.05.25"]
[WhiteClock "0:01:26"]
[BlackClock "0:00:02"]

1. d4 Nf6 2. c4 e6 3. Nc3 Bb4 4. e3 O-O 5. a3 Bxc3+ 6. bxc3 c5 7. Bd3 Nc6 8. Ne2 b6 9. O-O Ba6 10. e4 Ne8 11. Ng3 Na5 12. f4 cxd4 13. cxd4 Bxc4 14. f5 Rc8 15. f6 Bxd3 16. Qxd3 Nxf6 17. Bg5 Qc7 18. Rac1 Qb7 19. Bxf6 Rxc1 20. Rxc1 gxf6 21. Nh5 Rc8 22. Rf1 Kf8 23. Qf3 Qc7 24. Qxf6 d6 25. Qh8+ Ke7 26. Rxf7+ Kxf7 27. Qg7+ Ke8 28. Nf6+ Kd8 29. Qf8# 1-0


[Site "https://www.chess.com"]

[Event "Titled Tuesday Blitz May 24 Early 2022"]
[White "Fier, Alexandr"]
[Black "Stromboli, Ettore"]
[WhiteFideId "2107139"]
[BlackFideId "813761"]
[WhiteElo "2571"]
[BlackElo "2414"]
[Result "1-0"]
[Round "02"]
[TimeControl "180+1"]
[Date "2022.05.25"]
[WhiteClock "0:02:05"]
[BlackClock "0:00:19"]

1. d4 Nf6 2. Bg5 c5 3. d5 Ne4 4. Bc1 f5 5. Nd2 Nxd2 6. Bxd2 d6 7. c4 e5 8. dxe6 Bxe6 9. e3 Nc6 10. Bc3 Ne5 11. Nh3 Nxc4 12. Nf4 Bf7 13. Nd5 Nb6 14. Bb5+ Nd7 15. Qf3 a6 16. Bd3 Ne5 17. Bxe5 dxe5 18. e4 Bxd5 19. exd5 e4 20. Qe2 Qxd5 21. O-O-O Qxa2 22. Bc4 Qa1+ 23. Kc2 Qa4+ 24. Bb3 Qc6 25. Qc4 Qf6 26. Qd5 Rd8 27. Qxb7 Be7 28. Rxd8+ Bxd8 29. Rd1 g5 30. Qd7+ Kf8 31. Qxd8+ Qxd8 32. Rxd8+ Kg7 33. Rxh8 Kxh8 34. Be6 f4 35. Bf5 e3 36. fxe3 fxe3 37. Kd3 h6 38. Kxe3 Kg7 39. Bd3 a5 40. Ke4 Kf6 41. Kd5 1-0


[Site "https://www.chess.com"]

[Event "Titled Tuesday Blitz May 24 Early 2022"]
[White "Fromm, Marius"]
[Black "Soumya, Swaminathan"]
[WhiteFideId "12993190"]
[BlackFideId "5016193"]
[WhiteElo "2494"]
[BlackElo "2115"]
[Result "1-0"]
[Round "02"]
[TimeControl "180+1"]
[Date "2022.05.25"]
[WhiteClock "0:01:13"]
[BlackClock "0:00:01"]

1. e4 c5 2. Nf3 Nc6 3. Bb5 g6 4. Bxc6 dxc6 5. d3 Bg7 6. h3 Nf6 7. Nc3 Nd7 8. Be3 e5 9. Qd2 h6 10. O-O b6 11. Nh2 Nf8 12. f4 exf4 13. Bxf4 Ne6 14. Be3 Nd4 15. Nd1 Be6 16. c3 Nb5 17. Nf2 Qd7 18. a4 Nd6 19. a5 Rb8 20. axb6 axb6 21. Nfg4 f5 22. Nxh6 Nxe4 23. dxe4 Qxd2 24. Bxd2 Bxh6 25. Bxh6 Rxh6 26. exf5 gxf5 27. Ra7 Rd8 28. Rb7 b5 29. Rc7 Rg6 30. Nf3 Bd5 31. Nh4 Rg3 32. Rxf5 Rd7 33. Rc8+ Ke7 34. Re5+ Kf6 35. Re2 Rdg7 36. Rf8+ 1-0


[Site "https://www.chess.com"]

[Event "Titled Tuesday Blitz May 24 Early 2022"]
[White "Gabrielian, Artur"]
[Black "Dmitrenko, Viktor"]
[WhiteFideId "4131002"]
[BlackFideId "14110270"]
[WhiteElo "2440"]
[BlackElo "2218"]
[Result "1/2-1/2"]
[Round "02"]
[TimeControl "180+1"]
[Date "2022.05.25"]
[WhiteClock "0:00:09"]
[BlackClock "0:00:13"]

1. e4 c6 2. d4 d5 3. e5 Bf5 4. h4 Qb6 5. g4 Bd7 6. h5 h6 7. f4 e6 8. Nf3 c5 9. c3 Bb5 10. Bxb5+ Qxb5 11. a4 Qa6 12. Na3 Nd7 13. Nb5 Qc6 14. O-O a6 15. Na3 Ne7 16. Be3 Rc8 17. b4 cxb4 18. cxb4 Qc3 19. Bd2 Qd3 20. Re1 Qh7 21. b5 g6 22. hxg6 Qxg6 23. Nh4 Qd3 24. Be3 Qxd1 25. Rexd1 Rg8 26. g5 hxg5 27. fxg5 Nb6 28. bxa6 bxa6 29. Rab1 Nxa4 30. Rb7 Nc6 31. Nc2 Be7 32. Nf3 Nc3 33. Ra1 Ne4 34. Rxa6 Bxg5 35. Nxg5 Nxg5 36. Kf2 Ne4+ 37. Kf1 Nd8 38. Rb2 Rg3 39. Ke2 Rg2+ 40. Kd1 Nc3+ 41. Ke1 Ne4 42. Kd1 Nc3+ 43. Ke1 Ne4 44. Kd1 1/2-1/2


[Site "https://www.chess.com"]

[Event "Titled Tuesday Blitz May 24 Early 2022"]
[White "Galiana Fernandez, Adrian"]
[Black "Ingebretsen, Jens E"]
[WhiteFideId "32010150"]
[BlackFideId "1522965"]
[WhiteElo "2133"]
[BlackElo "2036"]
[Result "0-1"]
[Round "02"]
[TimeControl "180+1"]
[Date "2022.05.25"]
[WhiteClock "0:00:04"]
[BlackClock "0:00:22"]

1. d4 d5 2. c4 c6 3. Nf3 Nf6 4. e3 Bg4 5. h3 Bxf3 6. Qxf3 e6 7. Nc3 Nbd7 8. Bd3 Bd6 9. O-O O-O 10. b3 Re8 11. Bb2 e5 12. cxd5 cxd5 13. dxe5 Nxe5 14. Qd1 Rc8 15. Nb5 Bb8 16. Be2 a6 17. Nd4 Qd6 18. g3 Ne4 19. Kg2 Qg6 20. Rc1 Rxc1 21. Qxc1 Nxg3 22. fxg3 Nd3 23. Nf5 Nxc1 24. Bxc1 d4 25. Bb2 Re5 26. g4 Ba7 27. Bc4 Qc6+ 28. Kg3 Bb8 29. Bxf7+ Kxf7 30. Nxd4+ Rf5+ 0-1


[Site "https://www.chess.com"]

[Event "Titled Tuesday Blitz May 24 Early 2022"]
[White "Gallego Alcaraz, Andres Felipe"]
[Black "Kollars, Dmitrij"]
[WhiteFideId "4402669"]
[BlackFideId "12909572"]
[WhiteElo "2340"]
[BlackElo "2584"]
[Result "0-1"]
[Round "02"]
[TimeControl "180+1"]
[Date "2022.05.24"]
[WhiteClock "0:00:09"]
[BlackClock "0:00:18"]

1. d4 d5 2. Nf3 Nf6 3. c4 e6 4. g3 dxc4 5. Bg2 a6 6. O-O Nc6 7. Qc2 b5 8. Ne5 Nxe5 9. Bxa8 Qxd4 10. Rd1 Qg4 11. Bf4 Bd6 12. a4 O-O 13. axb5 axb5 14. Nc3 Qh5 15. Bg2 Bd7 16. Ra7 Rb8 17. Ne4 Nxe4 18. Qxe4 Bc6 19. Qc2 Ng4 20. h3 Nxf2 21. Rxd6 Nxh3+ 22. Bxh3 cxd6 23. Kh2 Qc5 24. Bg2 Qf2 0-1


[Site "https://www.chess.com"]

[Event "Titled Tuesday Blitz May 24 Early 2022"]
[White "Garriga Cazorla, Pere"]
[Black "Kholin, Aleksandr"]
[WhiteFideId "32011601"]
[BlackFideId "14179385"]
[WhiteElo "2433"]
[BlackElo "2484"]
[Result "1-0"]
[Round "02"]
[TimeControl "180+1"]
[Date "2022.05.25"]
[WhiteClock "0:00:59"]
[BlackClock "0:00:13"]

1. d4 d5 2. c4 e6 3. Nc3 Be7 4. Nf3 Nf6 5. Bf4 O-O 6. e3 c5 7. dxc5 Bxc5 8. a3 Nc6 9. cxd5 Nxd5 10. Nxd5 exd5 11. Rc1 Bb6 12. Bd3 d4 13. e4 Bg4 14. O-O Re8 15. Re1 Ne5 16. Bxe5 Rxe5 17. h3 Bxf3 18. Qxf3 Rc8 19. Qg3 Rec5 20. Rxc5 Rxc5 21. e5 g6 22. f4 Qc7 23. Kh2 Rc1 24. Re2 Rd1 25. e6 fxe6 26. Bxg6 hxg6 27. Qxg6+ Kh8 28. Qh6+ Qh7 29. Qxe6 Bc5 30. Qe5+ Qg7 31. Qh5+ Kg8 32. Qxc5 Rd3 33. Re8+ Kh7 34. Qh5+ 1-0


[Site "https://www.chess.com"]

[Event "Titled Tuesday Blitz May 24 Early 2022"]
[White "Golizadeh, Asghar"]
[Black "Zaksaite, Salomeja"]
[WhiteFideId "12505269"]
[BlackFideId "12801496"]
[WhiteElo "2403"]
[BlackElo "1953"]
[Result "1-0"]
[Round "02"]
[TimeControl "180+1"]
[Date "2022.05.25"]
[WhiteClock "0:01:28"]
[BlackClock "0:00:01"]

1. e4 c5 2. Nc3 e6 3. Nge2 Nc6 4. g3 d5 5. exd5 exd5 6. d4 cxd4 7. Nxd4 Nf6 8. Bg2 Bc5 9. Be3 Nxd4 10. Bxd4 Qe7+ 11. Ne2 Bg4 12. Bxc5 Qxc5 13. O-O O-O 14. h3 Bf5 15. c3 Be4 16. Qd4 Rac8 17. Qxc5 Rxc5 18. Nd4 a5 19. a4 Rfc8 20. Nb3 R5c7 21. Nxa5 Ra8 22. Nb3 Bc2 23. Nd4 Be4 24. Rfd1 Kf8 25. Nb5 Rc5 26. Nd6 Bxg2 27. Kxg2 Rb8 28. Rd4 Ke7 29. Nf5+ Kf8 30. Rad1 b6 31. Ne3 Rd8 32. c4 1-0


[Site "https://www.chess.com"]

[Event "Titled Tuesday Blitz May 24 Early 2022"]
[White "Gracia Alvarez, Gerardo Antonio"]
[Black "Sarkar, Justin"]
[WhiteFideId "5109124"]
[BlackFideId "2010011"]
[WhiteElo "2139"]
[BlackElo "2020"]
[Result "0-1"]
[Round "02"]
[TimeControl "180+1"]
[Date "2022.05.25"]
[WhiteClock "0:00:07"]
[BlackClock "0:00:03"]

1. e4 c5 2. Nc3 Nc6 3. Bb5 g6 4. Bxc6 bxc6 5. d3 Bg7 6. f4 d5 7. Nf3 Nf6 8. e5 Nd7 9. O-O f6 10. d4 O-O 11. Be3 fxe5 12. fxe5 cxd4 13. Nxd4 Rxf1+ 14. Qxf1 Nxe5 15. Re1 Qd6 16. Bf4 Qc5 17. Ne2 Nc4 18. Kh1 Bxd4 19. Nxd4 Qxd4 20. b3 Nd6 21. Rxe7 Nf5 22. Re8+ Kf7 23. Re2 Ba6 24. c4 dxc4 25. Rd2 Qe4 26. Rd7+ Ke8 27. Rxh7 cxb3 28. Rh8+ Kf7 29. Rh7+ Kg8 30. Qd1 Kxh7 31. Qd7+ Ng7 32. Qxg7+ Kxg7 33. h4 Qxf4 34. h5 Qh4+ 35. Kg1 Qxh5 36. g4 Qxg4+ 0-1


[Site "https://www.chess.com"]

[Event "Titled Tuesday Blitz May 24 Early 2022"]
[White "Grischuk, Alexander"]
[Black "Ceres, Dragos"]
[WhiteFideId "4126025"]
[BlackFideId "13905864"]
[WhiteElo "2762"]
[BlackElo "2150"]
[Result "1-0"]
[Round "02"]
[TimeControl "180+1"]
[Date "2022.05.24"]
[WhiteClock "0:01:38"]
[BlackClock "0:01:08"]

1. d4 Nf6 2. Nf3 e6 3. c4 Bb4+ 4. Nbd2 d5 5. Qa4+ Nc6 6. a3 Bd6 7. e3 O-O 8. Qc2 Re8 9. b4 a6 10. Bb2 Bf8 11. Bd3 Ne7 12. O-O Ng6 13. Ne5 Bd7 14. f4 Rc8 15. Rae1 dxc4 16. Ndxc4 Nd5 17. Nxd7 Qxd7 18. f5 Nge7 19. fxe6 Qxe6 20. Bxh7+ Kh8 21. Bd3 Nb6 22. Ne5 f6 23. Ng6+ Nxg6 24. Bxg6 1-0


[Site "https://www.chess.com"]

[Event "Titled Tuesday Blitz May 24 Early 2022"]
[White "Gschnitzer, Adrian"]
[Black "Goltsev, Dmitry"]
[WhiteFideId "1270337"]
[BlackFideId "24176710"]
[WhiteElo "2294"]
[BlackElo "2258"]
[Result "0-1"]
[Round "02"]
[TimeControl "180+1"]
[Date "2022.05.25"]
[WhiteClock "0:00:20"]
[BlackClock "0:01:16"]

1. e4 e6 2. d4 d5 3. Nd2 c5 4. Ngf3 Nf6 5. e5 Ne4 6. Nxe4 dxe4 7. Bc4 exf3 8. Qxf3 cxd4 9. O-O Nc6 10. Bf4 Bd7 11. c3 dxc3 12. Rfd1 cxb2 13. Rab1 Bc5 14. Rxb2 Bb6 15. Rbd2 Nd4 16. Rxd4 Bxd4 17. Rxd4 Qb6 18. Rxd7 Kxd7 19. Qd3+ Kc7 20. Be3 Qc6 21. Bb5 Qd5 22. Qc3+ Kb8 23. Ba4 Qxa2 24. Bb5 Rd8 25. Bc5 Qb1+ 26. Bf1 a6 27. Bd6+ Ka7 28. Qc5+ Qb6 29. Qa3 Rac8 30. g3 Rc2 31. Qf3 Rxd6 32. exd6 Qxd6 33. Qxf7 Qc5 34. h4 a5 35. Bg2 Qb6 36. Qxg7 Qxf2+ 37. Kh1 Qxg2# 0-1


[Site "https://www.chess.com"]

[Event "Titled Tuesday Blitz May 24 Early 2022"]
[White "Gu, Xiaobing"]
[Black "Ferreira, Vitor Hugo Vieira"]
[WhiteFideId "8602611"]
[BlackFideId "2119765"]
[WhiteElo "2174"]
[BlackElo "2165"]
[Result "0-1"]
[Round "02"]
[TimeControl "180+1"]
[Date "2022.05.25"]
[WhiteClock "0:00:59"]
[BlackClock "0:02:28"]

1. e4 c5 2. Nf3 d6 3. Bb5+ Nd7 4. c4 g6 5. Nc3 Bg7 6. d4 cxd4 7. Nxd4 Nf6 8. Be3 O-O 9. O-O Ne5 10. f4 Neg4 11. Qd2 Nxe3 12. Qxe3 Ng4 13. Qd2 Qb6 14. Rad1 e5 15. Nd5 Qxd4+ 16. Qxd4 exd4 17. h3 Ne3 18. Nxe3 dxe3 19. Rxd6 Bxb2 20. Re1 Ba3 21. Rd3 Bc5 22. Rd5 b6 23. Bc6 Rb8 24. f5 Bb7 0-1


[Site "https://www.chess.com"]

[Event "Titled Tuesday Blitz May 24 Early 2022"]
[White "Gulatz, Maurice"]
[Black "Wagner, Dennis"]
[WhiteFideId "24642746"]
[BlackFideId "24650684"]
[WhiteElo "2150"]
[BlackElo "2355"]
[Result "0-1"]
[Round "02"]
[TimeControl "180+1"]
[Date "2022.05.25"]
[WhiteClock "0:00:47"]
[BlackClock "0:00:33"]

1. d4 Nf6 2. c4 e6 3. Nf3 d5 4. g3 Bb4+ 5. Nbd2 dxc4 6. Bg2 b5 7. O-O a5 8. a4 c6 9. Ne5 Nd5 10. e4 Nf6 11. Nb1 O-O 12. Nc3 Ba6 13. Re1 Qb6 14. Be3 Rd8 15. Qc2 Qb7 16. Rad1 Nbd7 17. Nxd7 Rxd7 18. Bg5 Qb6 19. Bxf6 gxf6 20. d5 Rad8 21. dxe6 fxe6 22. Bh3 Kf7 23. e5 f5 24. Bxf5 Rxd1 25. Qc1 Rxc1 0-1


[Site "https://www.chess.com"]

[Event "Titled Tuesday Blitz May 24 Early 2022"]
[White "Gulevich, Artem"]
[Black "Dahlgren, James Allen"]
[WhiteFideId "24119580"]
[BlackFideId "22256873"]
[WhiteElo "2218"]
[BlackElo "2063"]
[Result "1-0"]
[Round "02"]
[TimeControl "180+1"]
[Date "2022.05.25"]
[WhiteClock "0:00:58"]
[BlackClock "0:00:20"]

1. Nf3 e6 2. b3 c5 3. Bb2 d5 4. e3 Nf6 5. Be2 Nc6 6. O-O Be7 7. d4 O-O 8. Nbd2 cxd4 9. Nxd4 a6 10. c4 Re8 11. Rc1 e5 12. Nxc6 bxc6 13. Bxe5 Ba3 14. Bxf6 Qxf6 15. Rc2 Bf5 16. e4 dxe4 17. Nb1 Bc5 18. Rc3 Rad8 19. Qc1 Bd4 20. Rg3 Bg6 21. Qg5 Qxg5 22. Rxg5 e3 23. f4 f6 24. Rg3 Kf7 25. f5 Be5 26. fxg6+ hxg6 27. Rgf3 1-0


[Site "https://www.chess.com"]

[Event "Titled Tuesday Blitz May 24 Early 2022"]
[White "Hamley, Ryan"]
[Black "Maksimovic, Bojan"]
[WhiteFideId "30959497"]
[BlackFideId "14408120"]
[WhiteElo "2549"]
[BlackElo "2448"]
[Result "0-1"]
[Round "02"]
[TimeControl "180+1"]
[Date "2022.05.25"]
[WhiteClock "0:00:01"]
[BlackClock "0:00:03"]

1. d4 d5 2. c4 e5 3. dxe5 d4 4. Nf3 Nc6 5. g3 Nge7 6. Bg2 Ng6 7. O-O Ngxe5 8. Nbd2 Be7 9. Nxe5 Nxe5 10. Nf3 Nxf3+ 11. Bxf3 O-O 12. Bf4 c6 13. h4 Bf6 14. Qc2 Re8 15. Rfd1 Qa5 16. a3 Bf5 17. Qd2 Qc5 18. Rac1 Rad8 19. b4 Qe7 20. b5 Be4 21. bxc6 bxc6 22. Bg4 c5 23. Qa5 Ba8 24. Rb1 Bxh4 25. Rb5 Bg5 26. Bc7 Rd7 27. Rxc5 Be3 28. Re5 Bxf2+ 29. Kxf2 Qf6+ 30. Bf3 Rde7 31. Rxe7 Qxe7 32. Bf4 h6 33. Qd2 g5 34. Qxd4 gxf4 35. Qxf4 Bxf3 0-1


[Site "https://www.chess.com"]

[Event "Titled Tuesday Blitz May 24 Early 2022"]
[White "Harris, Ian"]
[Black "Tan, Li Ting"]
[WhiteFideId "2020092"]
[BlackFideId "5704820"]
[WhiteElo "2433"]
[BlackElo "1928"]
[Result "1-0"]
[Round "02"]
[TimeControl "180+1"]
[Date "2022.05.25"]
[WhiteClock "0:00:44"]
[BlackClock "0:00:46"]

1. e4 e5 2. Nf3 Nc6 3. d4 exd4 4. Bc4 Nf6 5. e5 d5 6. Bb5 Ne4 7. Nxd4 Bd7 8. Bxc6 bxc6 9. O-O Bc5 10. Be3 Bb6 11. f3 Ng5 12. f4 Ne4 13. Nd2 Nxd2 14. Qxd2 O-O 15. Nb3 f6 16. Qc3 fxe5 17. fxe5 Qe7 18. a4 Rae8 19. Rxf8+ Rxf8 20. Rf1 Rxf1+ 21. Kxf1 Bxe3 22. Qxe3 Bf5 23. Nd4 Be4 24. e6 c5 25. Nf3 Qxe6 26. Qxc5 Bxc2 27. Qxc2 Qa6+ 28. Qe2 Qxa4 29. Qe6+ Kf8 30. Qxd5 Qc2 31. Qd2 Qc4+ 32. Kg1 h6 33. h3 Qc5+ 34. Kh1 a5 35. Qd4 Qc1+ 36. Kh2 a4 37. Ne5 Ke7 38. Qd7+ Kf6 39. Ng4+ Kg6 40. Qe6+ Kh7 41. Qf5+ Kg8 42. Qg6 Qf4+ 43. Kh1 Qf1+ 44. Kh2 Qf4+ 45. g3 Qd2+ 46. Kg1 Qe1+ 47. Kg2 Qe2+ 48. Nf2 Qxb2 49. Qe6+ Kh7 50. Qe4+ Kg8 51. Qe8+ Kh7 52. Qxa4 Qb7+ 53. Qe4+ Qxe4+ 54. Nxe4 Kg6 55. Kf3 Kf5 56. g4+ Ke5 57. Ke3 g5 58. Ng3 c5 59. Ne2 c4 60. Nc3 Kd6 61. Kd4 1-0


[Site "https://www.chess.com"]

[Event "Titled Tuesday Blitz May 24 Early 2022"]
[White "Hart, Braeden"]
[Black "Artemenko, Oleg"]
[WhiteFideId "30962587"]
[BlackFideId "14201798"]
[WhiteElo "2392"]
[BlackElo "2287"]
[Result "0-1"]
[Round "02"]
[TimeControl "180+1"]
[Date "2022.05.25"]
[WhiteClock "0:01:58"]
[BlackClock "0:02:17"]

1. e4 e6 2. Nf3 d5 3. e5 c5 4. b4 c4 5. d3 cxd3 6. Bxd3 Bxb4+ 7. c3 Bc5 8. h4 Nc6 9. Bf4 Nge7 10. Ng5 h6 11. Nf3 Bd7 12. Nbd2 a6 13. Nb3 Ba7 14. Nbd4 Nxd4 15. cxd4 Bb5 16. O-O Bxd3 17. Qxd3 O-O 18. Rab1 Qd7 19. Rb3 Rac8 20. Rfb1 Rc7 21. h5 Rfc8 22. Nh4 b5 23. Qg3 Kh8 24. Qg4 Bxd4 25. Bxh6 gxh6 26. Qxd4 Rc1+ 27. Rxc1 Rxc1+ 28. Kh2 Rc4 29. Qd2 Rxh4+ 30. Kg1 Rxh5 31. Rc3 d4 32. Rh3 Rxh3 33. gxh3 Kh7 34. Qf4 Ng6 35. Qf6 Qc7 36. Kf1 Qc1+ 37. Kg2 Qg5+ 0-1


[Site "https://www.chess.com"]

[Event "Titled Tuesday Blitz May 24 Early 2022"]
[White "Hartikainen, Jarmo"]
[Black "Derraugh, Geordie"]
[WhiteFideId "503134"]
[BlackFideId "2603950"]
[WhiteElo "2123"]
[BlackElo "2116"]
[Result "0-1"]
[Round "02"]
[TimeControl "180+1"]
[Date "2022.05.25"]
[WhiteClock "0:00:41"]
[BlackClock "0:00:57"]

1. e4 c5 2. c3 d5 3. exd5 Qxd5 4. d4 Nf6 5. Nf3 g6 6. Na3 Bg7 7. Nb5 Qd8 8. Bf4 Na6 9. dxc5 Nd5 10. Bg3 Bg4 11. Be2 O-O 12. O-O Nxc5 13. h3 Bc8 14. c4 a6 15. Nbd4 Nb6 16. Rc1 Re8 17. Be5 f6 18. Bh2 e5 19. Nb3 Qc7 20. a3 Rd8 21. Rc2 Rxd1 0-1


[Site "https://www.chess.com"]

[Event "Titled Tuesday Blitz May 24 Early 2022"]
[White "Hasangatin, Ramil"]
[Black "Jakubowska, Anna"]
[WhiteFideId "4122160"]
[BlackFideId "1121952"]
[WhiteElo "2399"]
[BlackElo "1878"]
[Result "0-1"]
[Round "02"]
[TimeControl "180+1"]
[Date "2022.05.25"]
[WhiteClock "0:00:39"]
[BlackClock "0:00:23"]

1. d4 d5 2. Nc3 f5 3. Bg5 g6 4. h4 Bg7 5. h5 h6 6. Bf4 g5 7. Be5 Nf6 8. e3 Nc6 9. Bb5 Bd7 10. Bxc6 Bxc6 11. Nf3 O-O 12. Qd3 Ng4 13. Bxg7 Kxg7 14. Nh2 Nxh2 15. Rxh2 Qd6 16. Rh1 e5 17. dxe5 Qxe5 18. O-O-O Rad8 19. Qd4 Qxd4 20. Rxd4 Rd6 21. Rhd1 Be8 22. Rxd5 Rxd5 23. Rxd5 Bxh5 24. Nb5 c6 25. Rd7+ Rf7 26. Rxf7+ Bxf7 27. Nd6 Bd5 28. Nxf5+ Kf6 29. Nxh6 Bxg2 30. f4 gxf4 31. exf4 Bh3 32. Kd2 Kg7 33. Ke3 Kxh6 34. Kd4 b5 35. Ke5 Kg6 36. Kd6 Bg2 37. Ke5 Bd5 38. f5+ Kf7 39. b3 Ke7 40. f6+ Kf7 41. Kf5 a5 42. Ke5 Bf3 43. Kf5 a4 44. bxa4 bxa4 45. a3 Bd1 46. c3 Bb3 47. Ke5 Bd5 48. Kf5 Ke8 49. Kg6 Kd7 50. Kg7 Kd6 51. f7 Bxf7 52. Kxf7 Kc5 53. Ke6 Kc4 54. Kd6 Kxc3 55. Kxc6 Kb3 56. Kd5 Kxa3 57. Kd4 Kb2 58. Kd3 a3 0-1


[Site "https://www.chess.com"]

[Event "Titled Tuesday Blitz May 24 Early 2022"]
[White "Hoffmann, Asa"]
[Black "Yaksin, Oleg"]
[WhiteFideId "2001470"]
[BlackFideId "24105880"]
[WhiteElo "2117"]
[BlackElo "2256"]
[Result "1-0"]
[Round "02"]
[TimeControl "180+1"]
[Date "2022.05.25"]
[WhiteClock "0:01:48"]
[BlackClock "0:01:24"]

1. d4 Nf6 2. Bg5 e6 3. Nd2 c5 4. e3 Nc6 5. c3 d5 6. f4 h6 7. Bh4 Be7 8. Bd3 Nd7 9. Bg3 b6 10. Ngf3 Bb7 11. O-O g5 12. f5 Nf6 13. Ne5 Nxe5 14. dxe5 Ne4 15. Nxe4 dxe4 16. Bb5+ Kf8 17. fxe6 Rh7 18. Qh5 f6 19. exf6 Bxf6 20. Rxf6+ Qxf6 21. Rf1 Qxf1+ 22. Kxf1 Rd8 23. Be5 Bd5 24. Qg6 Re7 25. Qf6+ 1-0


[Site "https://www.chess.com"]

[Event "Titled Tuesday Blitz May 24 Early 2022"]
[White "Horak, Martin"]
[Black "Rostovtsev, Dmitry"]
[WhiteFideId "367095"]
[BlackFideId "34278320"]
[WhiteElo "1997"]
[BlackElo "2274"]
[Result "0-1"]
[Round "02"]
[TimeControl "180+1"]
[Date "2022.05.25"]
[WhiteClock "0:00:02"]
[BlackClock "0:00:08"]

1. d4 Nf6 2. Nf3 e6 3. c4 c5 4. g3 cxd4 5. Nxd4 Nc6 6. Bg2 Bb4+ 7. Bd2 Bxd2+ 8. Qxd2 O-O 9. O-O Qb6 10. Rd1 d5 11. cxd5 exd5 12. Nc3 Rd8 13. b3 Ne4 14. Qe3 Nxc3 15. Qxc3 Bg4 16. Nxc6 bxc6 17. Rd2 Rac8 18. e3 Be6 19. Rc1 c5 20. Rcd1 d4 21. exd4 cxd4 22. Qd3 g6 23. Qe4 Bf5 24. Qb7 Qc5 25. Qf3 d3 26. h3 Rd4 27. Kh2 Be4 28. Qf4 Bxg2 0-1


[Site "https://www.chess.com"]